 Dungeon Crawl Stone Soup version 0.31-a0-1278-g11c5b68f87 (webtiles) character file.

Game seed: 944831147856983049

9174 gohu the Severer (level 11, -15/102 HPs)
             Began as a Hill Orc Fighter on Dec 17, 2023.
             Was a High Priest of Okawaru.
             Killed from afar by a raiju (26 damage)
             ... with a living lightning
             ... on level 1 of the Abyss.
             The game lasted 00:27:25 (10985 turns).

gohu the Severer (Hill Orc Fighter)                Turns: 10985, Time: 00:27:25

Health: -15/102    AC: 14    Str: 23 (24) XL:     11   Next: 42%
Magic:  10/12      EV: 12    Int:  5 (8)  God:    Okawaru [*****.]
Gold:   460        SH:  4    Dex:  8 (10) Spells: 10/10 levels left

rFire   . . .        a - +0 war axe
rCold   . . .        c - +0 buckler
rNeg    . . .        r - +0 plate armour
rPois   .            (no helmet)
rElec   .            (no cloak)
rCorr   .            o - +0 pair of gloves
SInv    +            (no boots)
Will    .....        u - amulet of faith Stlth
                     R - ring of see invisible
HPRegen 0.37/turn    B - +5 ring of evasion
MPRegen 0.13/turn

%: faith
@: about to teleport
A: no striking features
a: Renounce Religion, Heroism, Finesse, Duel


You were on level 1 of the Abyss.
You worshipped Okawaru.
Okawaru was extremely pleased with you.
You visited 2 branches of the dungeon, and saw 11 of its levels.
You visited the Abyss 1 time.

You collected 688 gold pieces.
You spent 228 gold pieces at shops.

Inventory:

Hand Weapons
 a - a +0 war axe (weapon)
 d - the +10 glaive of Indomitability {antimagic, *Noise rF++ Int+3}
   (You found it on level 6 of the Dungeon)

   Int+3:     It affects your intelligence (+3).
   rF++:      It greatly protects you from fire.
   *Noise:    It may make a loud noise when swung.
 S - a +3 scimitar of flaming
Missiles
 m - 3 javelins
Armour
 b - a +0 scale mail
 c - a +0 buckler (worn)
 h - a +0 pair of gloves
 o - a +0 pair of gloves (worn)
 r - a +0 plate armour (worn)
 C - a +0 chain mail
 I - a scarf of harm
 X - +0 acid dragon scales
Jewellery
 f - an amulet of guardian spirit
 u - an amulet of faith (around neck)
 y - a ring of magical power
 B - a +5 ring of evasion (right hand)
 F - a ring of resist corrosion
 G - a +4 ring of slaying
 R - a ring of see invisible (left hand)
 U - a ring of positive energy
 V - the ring of Hualaix {rPois rC+ Int-2 Dex+2 Stlth+}
   (You found it on level 9 of the Dungeon)

   [ring of poison resistance]

   Int-2:     It affects your intelligence (-2).
   Dex+2:     It affects your dexterity (+2).
   rC+:       It protects you from cold.
   rPois:     It protects you from poison Stlth+: It makes you more stealthy.
Talismans
 e - a maw talisman
Wands
 z - a wand of mindburst (9)
 A - a wand of paralysis (1)
 T - a wand of flame (6)
Scrolls
 g - 4 scrolls of immolation
 i - 2 scrolls of poison
 j - a scroll of brand weapon
 w - 4 scrolls of fog
 D - 3 scrolls of teleportation
 E - a scroll of fear
 L - a scroll of torment
 M - a scroll of enchant weapon
 N - a scroll of noise
 O - a scroll of blinking
 P - 2 scrolls of revelation
 W - a scroll of amnesia
Potions
 k - 6 potions of curing
 l - 2 potions of brilliance
 n - a potion of cancellation
 p - a potion of mutation {unknown}
 q - a potion of attraction {unknown}
 s - 2 potions of heal wounds
 t - a potion of berserk rage {unknown}
 v - a potion of degeneration
 x - a potion of enlightenment
 H - 2 potions of magic {unknown}
 J - a potion of ambrosia {unknown}
 K - a potion of lignification {unknown}


   Skills:
 * Level 11.4 Fighting
 * Level 16.0 Axes
 + Level 7.6 Armour
 + Level 2.1 Dodging
 + Level 5.6 Shields
 + Level 1.4 Invocations
 + Level 1.7 Evocations


You had 10 spell levels left.
You didn't know any spells.
Your spell library contained the following spells:

 Spells                   Type           Power      Damage    Failure   Level
 Magic Dart               Conj           0%         1d3       100%        1
 Searing Ray              Conj           0%         2d4       100%        2
 Gell's Gravitas          Tloc           0%         N/A       100%        3
 Teleport Other           Tloc           0%         N/A       100%        3
 Fulminant Prism          Conj/Hex       0%         3d5       100%        4
 Manifold Assault         Tloc           0%         N/A       100%        4
 Dispersal                Tloc           0%         N/A       100%        6
 Disjunction              Tloc           0%         N/A       100%        8


Dungeon Overview and Level Annotations

Branches:
Dungeon (10/15)            Temple (1/1) D:6
   Lair: D:8-11         Orc: D:9-12

Altars:
Ashenzari
Cheibriados
Dithmenos
Elyvilon
Fedhas
Gozag
Hepliaklqana
Kikubaaqudgha
Nemelex Xobeh
Okawaru
Qazlal
Ru
Sif Muna
Trog
Uskayaw
Vehumet
Wu Jian
Xom
Yredelemnul
The Shining One

Shops:
D:7 *   D:8 ?

Annotations:
D:9 Erolcha


Message History

You gain the combat prowess of a mighty hero.
The small abomination barely misses you.
The large abomination hits you!!
The small abomination hits you but does no damage.
The glowing orange brain pulsates.
You easily resist.
The large abomination attacks as it pursues you!
The large abomination hits you!
The large abomination attacks as it pursues you!
The large abomination hits you!!
The glowing orange brain pulsates.
You resist with some effort.
The large abomination attacks as it pursues you!
The large abomination hits you!
* * * LOW HITPOINT WARNING * * *
Blink to where?
Press: ? - help, Dir - move target
As you read the scroll of blinking, it crumbles to dust.
There is a gateway leading deeper into the Abyss here.
As you read the scroll of teleportation, it crumbles to dust.
You feel strangely unstable.
You feel the power of the Abyss delaying your translocation!
You feel like a meek peon again.
The glowing orange brain pulsates.
The glowing orange brain radiates an aura of fear!
You are terrified of the glowing orange brain!
The glowing orange brain pulsates.
Something gnaws on your mind!
* * * LOW HITPOINT WARNING * * *
You feel your power leaking away.
A raiju comes into view.
You are no longer terrified.
The raiju barks!
The raiju bursts into living lightning!
The living lightning hits you!
* * * LOW HITPOINT WARNING * * *
The raiju blinks!
The raiju bursts into living lightning!
The living lightning hits you!!
You die...

## . # ##. # ..#
##... #. ###
###.###..##.. ..##
##.# ...##.. # ##
#..# ..####.#...#.##.
..##ยง##...#...x#x##
#.#.#G>##.G#.. ##
#.@..##.# .#.##....
#....x_#G....# ...#
....#.....xx..### ###
...#..#.#...#.......#
#.#
.##..#...#.###.#.# #
## ##h#.#...# .## ..
..##..##.. ..
#..#.... ... . #...
##. .


You could see a glowing orange brain, a raiju and 3 small abominations.

Vanquished Creatures
  Erica (D:9)
  2 two-headed ogres
  A large abomination (Abyss:1)
  Joseph (D:7)
  Maggie (D:8)
  A hornet (D:7)
  A raiju (Abyss:1)
  A slime creature (D:6)
  A ynoxinul (Abyss:1)
  9 yaks (D:9)
  2 steam dragons
  A chaos spawn (Abyss:1)
  An acid dragon (D:9)
  5 water moccasins
  2 orc warriors
  3 ice beasts
  3 sky beasts
  2 black bears (D:6)
  2 centaurs
  A kobold brigand (D:6)
  5 bullfrogs
  2 scorpions
  A gnoll sergeant (D:9)
  A wight (D:8)
  10 killer bees
  4 electric eels (D:8)
  A hound (D:7)
  2 gnoll boudas (D:6)
  8 orc priests
  5 jellies (D:6)
  2 sleepcaps
  3 iguanas
  7 orc wizards
  15 gnolls
  9 adders
  A shadow imp (D:5)
  3 white imps
  2 ufetubi (D:6)
  2 worms
  4 dart slugs
  36 orcs
  6 ball pythons
  21 endoplasms
  6 giant cockroaches
  10 goblins
  9 hobgoblins
  3 jackals (D:2)
  4 quokkas
  5 bats
  4 frilled lizards
  17 kobolds
  7 rats
256 creatures vanquished.

Vanquished Creatures (others)
  A quokka (D:3)
1 creature vanquished.

Grand Total: 257 creatures vanquished

Notes
Turn   | Place    | Note
-------+----------+-------------------------------------------
     0 | D:1      | gohu the Hill Orc Fighter began the quest for the Orb.
     0 | D:1      | Reached XP level 1. HP: 19/19 MP: 1/1
    37 | D:1      | Found a faded altar of an unknown god.
    55 | D:1      | Reached skill level 3 in Axes
    57 | D:1      | Reached XP level 2. HP: 27/27 MP: 2/2
   545 | D:1      | Reached XP level 3. HP: 33/33 MP: 3/3
   895 | D:2      | Reached skill level 4 in Axes
  1181 | D:2      | Reached XP level 4. HP: 40/40 MP: 4/4
  1386 | D:3      | Found a white marble altar of Elyvilon.
  1402 | D:3      | Found a snail-covered altar of Cheibriados.
  1526 | D:3      | Found a bloodstained altar of Trog.
  1559 | D:3      | Reached skill level 5 in Axes
  1682 | D:3      | Reached XP level 5. HP: 46/47 MP: 5/5
  2547 | D:5      | Entered Level 5 of the Dungeon
  2560 | D:4      | Found a transporter.
  2574 | D:4      | Found a transporter.
  2885 | D:4      | Reached skill level 6 in Axes
  2885 | D:4      | Reached XP level 6. HP: 46/55 MP: 6/6
  3176 | D:4      | Found a hazy altar of Hepliaklqana.
  3269 | D:4      | Reached skill level 5 in Fighting
  3731 | D:5      | Reached skill level 7 in Axes
  3846 | D:5      | Reached XP level 7. HP: 52/61 MP: 7/7
  3927 | D:5      | Found a sacrificial altar of Ru.
  4164 | D:5      | Reached skill level 8 in Axes
  4237 | D:5      | Found a glowing golden altar of the Shining One.
  4283 | D:6      | Found an opulent altar of Gozag.
  4343 | D:5      | Found a shadowy altar of Dithmenos.
  4580 | D:6      | Reached skill level 9 in Axes
  4580 | D:6      | Reached skill level 5 in Armour
  4580 | D:6      | Reached skill level 1 in Dodging
  4580 | D:6      | Reached XP level 8. HP: 51/70 MP: 8/8
  4944 | D:6      | Noticed a slime creature
  4973 | D:6      | Killed a slime creature
  4974 | D:6      | Reached skill level 10 in Axes
  5381 | D:6      | Identified the +10 glaive of Indomitability {antimagic,
                  | *Noise rF++ Int+3}
  5438 | D:6      | Found a staircase to the Ecumenical Temple.
  5453 | Temple   | Entered the Ecumenical Temple
  5483 | Temple   | Became a worshipper of Warmaster Okawaru
  5767 | D:6      | Reached skill level 11 in Axes
  5773 | D:6      | Reached XP level 9. HP: 63/79 MP: 7/9
  6174 | D:7      | Found a radiant altar of Vehumet.
  6188 | D:7      | Found a sparkling altar of Nemelex Xobeh.
  6451 | D:7      | Reached * piety under Okawaru
  6505 | D:8      | Found Byeluing's Magic Scroll Boutique.
  6525 | D:8      | Bought a scroll of identify for 24 gold pieces
  6525 | D:8      | Bought a scroll of identify for 24 gold pieces
  6525 | D:8      | Bought a scroll of blinking for 90 gold pieces
  6525 | D:8      | Bought a scroll of revelation for 90 gold pieces
  6768 | D:7      | Reached skill level 12 in Axes
  6791 | D:7      | Noticed Joseph
  6814 | D:7      | Killed Joseph
  7369 | D:7      | Found Pouph's Lightly-Used Armoury.
  7445 | D:7      | Reached ** piety under Okawaru
  7447 | D:7      | Reached skill level 1 in Evocations
  7474 | D:7      | Noticed a hornet
  7488 | D:7      | Killed a hornet
  7489 | D:7      | Reached skill level 13 in Axes
  7489 | D:7      | Reached XP level 10. HP: 61/90 MP: 6/10
  7966 | D:7      | Reached skill level 5 in Shields
  8434 | D:8      | Noticed a two-headed ogre
  8699 | D:10     | Entered Level 10 of the Dungeon
  8740 | D:9      | Noticed a two-headed ogre
  8750 | D:9      | Killed a two-headed ogre
  8750 | D:9      | Reached *** piety under Okawaru
  8751 | D:9      | Reached skill level 14 in Axes
  8767 | D:9      | Noticed Erica
  8782 | D:9      | Killed Erica
  8783 | D:9      | Reached skill level 10 in Fighting
  9164 | D:9      | Identified the ring of Hualaix {rPois rC+ Int-2 Dex+2
                  | Stlth+}
  9277 | D:8      | Noticed Maggie
  9294 | D:8      | Killed Maggie
  9295 | D:8      | Reached skill level 15 in Axes
  9295 | D:8      | Reached skill level 1 in Invocations
  9378 | D:8      | Found a basalt altar of Yredelemnul.
  9435 | D:8      | Reached XP level 11. HP: 101/101 MP: 11/11
  9509 | D:8      | Killed a two-headed ogre
  9509 | D:8      | Reached **** piety under Okawaru
 10174 | D:9      | Reached ***** piety under Okawaru
 10530 | D:9      | Noticed Erolcha
 10535 | Abyss:1  | Cast into level 1 of the Abyss (Erolcha)
 10759 | Abyss:1  | Noticed a thrashing horror
 10817 | Abyss:1  | Noticed an angel
 10877 | Abyss:1  | Noticed a shadow wraith
 10945 | Abyss:1  | Found a corrupted altar of Lugonu.
 10952 | Abyss:1  | Found a corrupted altar of Lugonu.
 10952 | Abyss:1  | Found a corrupted altar of Lugonu.
 10958 | Abyss:1  | Reached skill level 16 in Axes
 10962 | Abyss:1  | Noticed a large abomination
 10966 | Abyss:1  | Noticed a glowing orange brain
 10985 | Abyss:1  | Killed from afar by a raiju

Illustrated notes

Levels and vault maps discovered:
D:1:      minmay_arrival_split_and_join, layout_basic,
          hellmonk_ecumenical_altar_blasted, fountainhead
D:2:      layout_rooms
D:3:      kb_forest_paths, layout_basic, elyvilon_altar_4,
          mainiacjoe_overflow_cross_hatched, mainiacjoe_overflow_catwalk,
          minmay_joined_circles
D:4:      gammafunk_wand_slinger, layout_basic, nicolae_hepliaklqana_hazy_memory
D:5:      layout_loops_ring, mainiacjoe_overflow_catwalk_spiral,
          nicolae_ru_awakened_eye, bh_walls_and_bars
D:6:      lemuel_slime, layout_gridville, grunt_gozag_breadcrumbs,
          minmay_temple_entry_trees, dreamdust_princess_corridor
D:7:      layout_layer_cave, jmf_multi_god_temple, minmay_shop_damaged,
          uniq_joseph
D:8:      layout_basic, mainiacjoe_overflow_surrounded_room, serial_bayou,
          serial_bayou_lake_a, serial_bayou_crossing, serial_bayou_ford_a,
          serial_bayou_pond_c, serial_bayou_pond_b, serial_bayou_pond_d,
          serial_shops, shop, uniq_maggie
D:9:      layout_gridville, minmay_stone_trees_small, corexii_corridor_pit,
          uniq_erolcha, uniq_erica
D:10:     layout_cave_pools, grunt_temple_overflow_order_and_chaos_2,
          serial_bayou_pond_b
Temple:   jpeg_temple_island
Abyss:1:  base:
Temple

Skill      XL: |  1  2  3  4  5  6  7  8  9 10 11 |
---------------+----------------------------------+-----
Axes           | 3 4 5 6 7 9 11 13 15 16 | 16.0
Fighting       | 4 5 7 8 10 11 | 11.4
Armour         | 4 5 6 7 |  7.6
Shields        | 4 5 |  5.6
Dodging        | 1 2 |  2.1
Evocations     | 1 |  1.7
Invocations    | 1 |  1.4

Action                     |  1- 3 |  4- 6 |  7- 9 | 10-12 || total
---------------------------+-------+-------+-------+-------++-------
  Melee: War axe           |    94 |   246 |   276 |   242 ||   858
 Invoke: Heroism           |       |       |     2 |     9 ||    11
  Evoke: Wand              |       |       |     2 |     3 ||     5
    Use: Potion            |       |     1 |     1 |     4 ||     6
         Scroll            |       |       |     8 |     6 ||    14
   Stab: Paralysed         |       |       |       |     5 ||     5
 Armour: Scale mail        |    78 |   108 |       |       ||   186
         Chain mail        |       |    48 |   177 |    14 ||   239
         Plate armour      |       |       |       |   134 ||   134
  Dodge: Dodged            |    63 |   135 |   151 |   113 ||   462
  Block: Buckler           |    30 |    52 |    56 |    42 ||   180

Table legend: (Time is in decaauts)
 A = Elapsed time spent in this place.
 B = Non-inter-level travel time spent in this place.
 C = Inter-level travel time spent in this place.
 D = Time resting spent in this place.
 E = Time spent auto-exploring this place.
 F = Levels seen in this place.
 G = Mean time per level.
                   A        B        C        D        E       F      G
               +--------+--------+--------+--------+--------+-----+--------+
         Total |  11093 |  10736 |    357 |    451 |   7743 |  12 |  924.4 |
       Dungeon |  10600 |  10266 |    334 |    198 |   7743 |  10 | 1060.0 |
        Temple |     53 |     30 |     23 |      0 |      0 |   1 |   53.0 |
         Abyss |    439 |    439 |      0 |    253 |      0 |   1 |  439.0 |
               +--------+--------+--------+--------+--------+-----+--------+

Top non-repeatable levels by time:
     D:6: 1757 daAuts
     D:7: 1655 daAuts
     D:8: 1441 daAuts
     D:4: 1332 daAuts
     D:3: 1184 daAuts
     D:9: 1144 daAuts
     D:1: 829 daAuts
     D:5: 770 daAuts
     D:2: 462 daAuts
 Abyss:1: 439 daAuts
  Temple: 53 daAuts
    D:10: 22 daAuts
